 Dungeon Crawl Stone Soup version 0.31-a0-210-gccc998df9b (webtiles) character file.

Game seed: 10001193439021321463

64 Anon1729 the Cutter (level 3, 0/28 HPs)
             Began as a Demonspawn Gladiator on June 29, 2023.
             Slain by a sky beast (6 damage)
             ... on level 3 of the Dungeon.
             The game lasted 00:01:11 (1701 turns).

Anon1729 the Cutter (Demonspawn Gladiator)          Turns: 1701, Time: 00:01:11

Health: 0/28       AC: 10    Str: 14    XL:     3   Next: 91%
Magic:  3/3        EV: 12    Int:  9    God:
Gold:   143        SH:  0    Dex: 16    Spells: 2/2 levels left

rFire   . . .        a - +0 rapier
rCold   . . .        (no shield)
rNeg    . . .        b - +0 leather armour
rPois   .            c - +0 helmet
rElec   .            (no cloak)
rCorr   .            (no gloves)
SInv    .            (no boots)
Will    .....        (no amulet)
Stlth   +            (no ring)
HPRegen 0.24/turn    (no ring)
MPRegen 0.08/turn

%: no passive effects
@: sanguine armoured
A: powered by pain 1, sanguine armour 1
a: no special abilities


You were on level 3 of the Dungeon.
You visited 1 branch of the dungeon, and saw 3 of its levels.

You collected 143 gold pieces.

Inventory:

Hand Weapons
 a - a +0 rapier (weapon)
Missiles
 e - a javelin
Armour
 b - a +0 leather armour (worn)
 c - a +0 helmet (worn)
Scrolls
 f - a scroll of revelation {unknown}
 g - 4 scrolls of identify {unknown}
 h - 2 scrolls of vulnerability {unknown}
 i - a scroll of blinking {unknown}
 m - a scroll of fear {unknown}
Potions
 n - a potion of berserk rage {unknown}


   Skills:
 + Level 2.7 Fighting
 + Level 3.2 Short Blades
 + Level 2.4 Throwing
 + Level 3.1 Dodging


You had 2 spell levels left.
You didn't know any spells.
Your spell library contained the following spells:

 Spells                   Type           Power      Damage    Failure   Level
 Shock                    Conj/Air       0%         1d3       45%         1
 Summon Small Mammal      Summ           0%         N/A       45%         1
 Call Canine Familiar     Summ           0%         N/A       83%         3
 Gell's Gravitas          Tloc           0%         N/A       83%         3
 Summon Guardian Golem    Hex/Summ       0%         N/A       83%         3
 Swiftness                Air            0%         N/A       83%         3
 Teleport Other           Tloc           0%         N/A       83%         3
 Airstrike                Air            0%         2d(0-16)  99%         4
 Dispersal                Tloc           0%         N/A       100%        6


Dungeon Overview and Level Annotations

Branches:
Dungeon (3/15)

Altars:

Shops:
D:3 (


Innate Abilities, Weirdness & Mutations

You sometimes gain a little power by taking damage.
When seriously injured, your blood forms armour. (AC +6)


Message History

You hit something.
Something wriggles in the net.
You hit something.
Something wriggles in the net.
You hit something.
Something wriggles in the net.
A sky beast appears from thin air!
Reactivating autopickup.
The sky beast struggles against the net.
The net rips apart, and the sky beast comes free!
You barely miss the sky beast.
The sky beast is moderately wounded.
The sky beast hits you. The sky beast shocks you.
You hit the sky beast.
The sky beast is heavily wounded.
The sky beast barely misses you.
You barely miss the sky beast.
The sky beast is heavily wounded.
The sky beast hits you but does no damage.
You closely miss the sky beast.
The sky beast is heavily wounded.
The sky beast hits you but does no damage.
Throw: throwing net
Press: ? - help, Q - select action, (/) - cycle Shift-Dir - straight line, f - sky beast
Aim: a sky beast (heavily wounded, 51% to hit)
You throw a throwing net. The throwing net misses the sky beast.
Unknown command.
You hit the sky beast.
The sky beast is heavily wounded.
The sky beast hits you but does no damage.
The sky beast hits you. The sky beast shocks you.
* * * LOW HITPOINT WARNING * * *
It was a potion of cancellation.
You feel magically purged.
The sky beast hits you but does no damage.
It was a potion of magic.
Magic courses through your body. The sky beast barely misses you.
It was a potion of curing.
You feel better.
The sky beast flickers out of sight!
Deactivating autopickup; reactivate with Ctrl-A.
Something hits you.
* * * LOW HITPOINT WARNING * * *
Something shocks you.
You die...

#..#.....#....##..........
##.#.....#.....#(.........
#####'####....#.#######.#
#.....###[..'.#
##.....###..#.#
##.....###.#.#
##.....####.# ##.....###{#
##+#######+####.@######
........................
.......(................
......................##
.................##.#.#
.........###........#.#
.........# #.#........#
.........# #.#.........
.........# #.#.........


There were no monsters in sight!

Vanquished Creatures
  An adder (D:3)
  A dart slug (D:3)
  5 orcs (D:3)
  2 ball pythons (D:1)
  An endoplasm (D:3)
  2 giant cockroaches (D:1)
  3 hobgoblins
  7 jackals
  4 quokkas
  6 bats
  2 frilled lizards (D:1)
  2 goblins (D:2)
  4 kobolds
  5 rats
45 creatures vanquished.

Notes
Turn   | Place    | Note
-------+----------+-------------------------------------------
     0 | D:1      | Anon1729 the Demonspawn Gladiator began the quest for the
                  | Orb.
     0 | D:1      | Reached XP level 1. HP: 16/16 MP: 1/1
   305 | D:1      | Gained mutation: When seriously injured, your blood forms
                  | armour. (AC +6) [demonic ancestry]
   305 | D:1      | Reached XP level 2. HP: 9/22 MP: 2/2
   892 | D:2      | Gained mutation: You sometimes gain a little power by
                  | taking damage. [demonic ancestry]
   892 | D:2      | Reached XP level 3. HP: 15/28 MP: 3/3
  1015 | D:2      | Identified the +8 quarterstaff of Mimenax {drain, rC+
                  | Str+5}
  1330 | D:3      | Found Fopluot's Weapon Shoppe.
  1675 | D:3      | Noticed a sky beast
  1701 | D:3      | Slain by a sky beast

Illustrated notes

Levels and vault maps discovered:
D:1:      sevenhm_arrival_forest_fort_small_6, layout_loops_ring,
          nicolae_kite_square_tiling_tiny
D:2:      layout_rooms
D:3:      layout_basic, serial_shops, shop_fountains, minmay_quadrilaterals

Skill      XL: |  1  2 |
---------------+-------+-----
Throwing       | 2 |  2.4
Short Blades   | 3 |  3.2
Dodging        | 3 |  3.1
Fighting       | |  2.7

Action                     || total
---------------------------++-------
  Melee: Rapier            ||   191
         Punch             ||     2
  Throw: Throwing net      ||     3
    Use: Potion            ||     3
   Stab: Sleeping          ||     4
 Armour: Leather armour    ||    72
  Dodge: Dodged            ||   160

Table legend: (Time is in decaauts)
 A = Elapsed time spent in this place.
 B = Non-inter-level travel time spent in this place.
 C = Inter-level travel time spent in this place.
 D = Time resting spent in this place.
 E = Time spent auto-exploring this place.
 F = Levels seen in this place.
 G = Mean time per level.
                   A        B        C        D        E       F      G
               +--------+--------+--------+--------+--------+-----+--------+
         Total |   1709 |   1659 |     50 |      3 |   1289 |   3 |  569.7 |
       Dungeon |   1709 |   1659 |     50 |      3 |   1289 |   3 |  569.7 |
               +--------+--------+--------+--------+--------+-----+--------+

Top non-repeatable levels by time:
     D:1: 878 daAuts
     D:2: 458 daAuts
     D:3: 372 daAuts
